Map: Ever Dream LE

Players

starkiller - Winner!

  • Race: Zerg Zerg
  • League: Grandmaster
  • Spawn Location: 1:00

A.I. 1 (Very Easy)

  • Race: Protoss Protoss
  • Spawn Location: 7:00

VOD

Have the link to the VOD?

Description

Time

  • Played on: Sept. 12, 2020, 5:47 p.m.
  • Length: 10:01
Show
View Real Time Build Order
Export as new Build Order

starkiller Zerg - Winner!

Build Orders: Pool First 

Get SALT Encoding   

  12  0:00  Drone  
  13  0:08  Drone  
  14  0:15  Extractor, Drone  
  15  0:22  Overlord  
  15  0:37  Spawning Pool  
  15  0:40  Drone  
  15  0:44  Drone  
  15  0:47  Drone  
  17  1:10  Hatchery  
  16  1:12  Drone  
  16  1:16  Extractor  
  16  1:24  Zergling x4  
  18  1:26  Zergling x2  
  19  1:33  Queen  
  21  1:41  Overlord  
  21  1:48  Drone  
  22  2:00  Drone  
  23  2:09  Queen, Drone  
  26  2:15  Metabolic Boost  
  26  2:22  Drone x2  
  28  2:32  Drone  
  28  2:34  Drone  
  30  2:46  Hatchery  
  30  2:48  Drone  
  30  2:52  Drone  
  30  2:55  Overlord  
  31  2:59  Drone  
  31  3:02  Drone  
  31  3:04  Drone  
  34  3:07  Overlord  
  34  3:11  Drone  
  35  3:15  Drone  
  36  3:20  Drone x3  
  36  3:26  Overlord  
  39  3:27  Drone  
  39  3:34  Drone x2  
  42  3:44  Overlord  
  42  3:48  Lair  
  42  3:50  Drone, Queen  
  42  3:52  Drone x3  
  48  3:57  Queen  
  48  4:02  Drone x2  
  52  4:06  Drone x3  
  52  4:07  Drone  
  56  4:11  Drone  
  56  4:15  Roach Warren, Drone  
  56  4:16  Drone  
  58  4:21  Drone x2  
  58  4:23  Drone x3  
  63  4:25  Drone  
  63  4:27  Extractor  
  63  4:29  Extractor x2  
  61  4:34  Drone x2  
  61  4:37  Overlord x2  
  63  4:43  Overlord  
  63  4:52  Overlord  
  63  4:55  Roach  
  63  4:56  Roach x2, Glial Reconstitution  
  63  4:59  Roach  
  73  5:00  Roach  
  73  5:02  Roach x2  
  73  5:03  Roach  
  73  5:06  Roach  
  81  5:11  Roach x2  
  87  5:14  Roach  
  87  5:15  Roach  
  89  5:21  Overlord  
  89  5:24  Overlord  
  89  5:26  Roach x2  
  89  5:27  Roach x2  
  97  5:29  Roach x2  
  97  5:34  Overlord  
  101  5:36  Roach x2  
  101  5:40  Overlord  
  101  5:42  Roach x2  
  111  5:43  Roach  
  111  5:45  Roach x2  
  111  5:49  Roach x2  
  119  5:52  Roach  
  119  5:54  Roach  
  119  5:56  Overlord  
  123  5:59  Zergling x2  
  123  6:02  Zergling x4  
  123  6:03  Zergling x2  
  123  6:04  Zergling x4  
  129  6:05  Zergling x2  
  129  6:07  Overlord  
  129  6:10  Overlord  
  130  6:19  Zergling x2  
  130  6:20  Zergling x2  
  130  6:21  Ravager x4  
  136  6:26  Zergling x2  
  136  6:28  Zergling x4  
  136  6:29  Zergling x6  
  142  6:38  Extractor  
  141  6:41  Extractor  
  141  6:42  Drone x9  
  141  6:43  Spire  
  141  6:45  Drone x2  
  150  6:53  Drone  
  150  6:54  Drone x2  
  153  7:01  Drone  
  154  7:04  Hatchery  
  154  7:08  Overlord x3  
  153  7:10  Zergling x4  
  153  7:12  Overlord  
  155  7:20  Overlord  
  155  7:36  Overlord  
  154  7:54  Zergling x4  
  156  7:59  Mutalisk x8  
  156  8:00  Mutalisk x3  
  156  8:01  Mutalisk  
  180  8:08  Evolution Chamber  
  180  8:09  Drone x3  
  180  8:10  Baneling Nest, Drone x6  
  187  8:21  Zergling x2  
  187  8:22  Zergling x2, Queen  
  187  8:24  Zergling x4  
  193  8:27  Zergling x6  
  193  8:28  Zergling x2  
  193  8:30  Zergling x2  
  193  8:32  Zergling x2  
  199  8:37  Infestation Pit  
  198  8:49  Zergling x2  
  199  8:55  Baneling  
  199  8:56  Baneling x18  
  199  9:02  Overlord  
Show
View Real Time Build Order
Export as new Build Order

A.I. 1 (Very Easy) Protoss 

Build Orders:  

Get SALT Encoding   

  12  0:00  Probe  
  13  0:13  Probe  
  14  0:19  Pylon  
  14  0:37  Assimilator  
  14  0:43  Gateway  
  14  0:47  Pylon  
  14  1:13  Assimilator  
  14  1:18  Probe  
  15  1:26  Probe  
  16  1:33  Cybernetics Core  
  16  1:34  Probe  
  17  1:44  Probe  
  18  1:56  Probe  
  19  2:04  Probe  
  20  2:09  Warp Gate  
  20  2:12  Stalker  
  22  2:21  Pylon  
  22  2:24  Probe  
  22  2:41  Stalker  
  24  3:02  Zealot  
  26  5:39  Probe  
  26  5:44  Zealot  
  26  5:46  Robotics Facility  
  26  5:47  Probe  
  29  5:55  Probe  
  29  5:57  Pylon  
  30  6:03  Probe  
  32  6:12  Probe  
  32  6:20  Probe  
  27  6:34  Observer  
  27  6:35  Stalker  
  30  6:56  Observer  
  31  7:17  Nexus  
  31  7:25  Zealot  
  33  7:32  Pylon  
  31  7:39  Nexus  
  27  7:54  Stalker  
  29  8:22  Zealot  
  31  8:42  Immortal  
  31  8:53  Probe  
  36  8:59  Assimilator  
  36  9:00  Probe  
  36  9:02  Assimilator  
  37  9:07  Probe  
Tags
 
Add a new tag
Caveats
  • Supply blocks, unpowered buildings, or Contaminate may cause inaccurate times.
  • Supply counts are checked every 10 seconds.